 Dungeon Crawl Stone Soup version 0.30-a0-881-g1ff12e1e11 (webtiles) character file.

Game seed: 10563633171242610319

51 jasper the Shooter (level 3, 0/21 HPs)
             Began as a Gargoyle Hunter on Mar 14, 2023.
             Killed from afar by Ijyb (9 damage)
             ... with a puff of flame
             ... on level 3 of the Dungeon.
             The game lasted 00:02:23 (1374 turns).

jasper the Shooter (Gargoyle Hunter)                Turns: 1374, Time: 00:02:23

Health: 0/21       AC: 10    Str: 14    XL:     3   Next: 83%
Magic:  3/3        EV: 10    Int:  9    God:
Gold:   159        SH:  0    Dex: 15    Spells: 2/2 levels left

rFire   . . .      SeeInvis .    a - +0 shortbow
rCold   . . .      Faith    .    (shield currently unavailable)
rNeg    + . .      Spirit   .    i - +0 ring mail
rPois   ∞          Reflect  .    (no helmet)
rElec   +          Rampage  .    h - +0 cloak
rCorr   .                        j - +0 pair of gloves
Will    .....                    (no boots) Stlth
                                 (no amulet)
HPRegen 0.23/turn                (no ring)
MPRegen 0.08/turn                (no ring)

@: confused, ambrosia-drunk, attractive, hasted, studying Ranged Weapons, very
quick
A: sickness immunity, AC +3, negative energy resistance 1, electricity
resistance, torment resistance 1, petrification resistance
a: no special abilities


You were on level 3 of the Dungeon.
You visited 1 branch of the dungeon, and saw 3 of its levels.

You collected 159 gold pieces.

Inventory:

Hand Weapons
 a - a +0 shortbow (weapon)
Armour
 c - a +0 leather armour
 h - a +0 cloak (worn)
 i - a +0 ring mail (worn)
 j - a +0 pair of gloves (worn)
Jewellery
 d - a ring of fire
Scrolls
 b - a scroll of immolation
 e - 2 scrolls of enchant weapon {unknown}
 k - a scroll of teleportation {unknown}
 m - a scroll of identify
 n - a scroll of amnesia {unknown}


   Skills:
 - Level 2.1 Fighting
 * Level 5.9 Ranged Weapons
 - Level 1.5 Dodging
 - Level 1.1 Stealth


You had 2 spell levels left.
You didn't know any spells.
Your spell library contained the following spells:

 Spells                   Type           Power      Damage    Failure   Level
 Foxfire                  Conj/Fire      0%         2x1d4     63%         1
 Blink                    Tloc           0%         N/A       77%         2
 Manifold Assault         Tloc           0%         N/A       100%        4
 Summon Mana Viper        Hex/Summ       0%         N/A       100%        5
 Summon Cactus Giant      Summ           0%         N/A       100%        6
 Malign Gateway           Summ/Tloc      0%         N/A       100%        7
 Storm Form               Tmut/Air       0%         N/A       100%        7


Dungeon Overview and Level Annotations

Branches:
Dungeon (3/15)

Altars:
Makhleb

Annotations:
D:3 Ijyb


Innate Abilities, Weirdness & Mutations

You are immune to sickness and miasma.
Your stone body is resilient. (AC +3)
You are immune to poison.
You resist negative energy. (rN+)
You are resistant to electric shocks. (rElec)
You are resistant to unholy torment.
You are immune to petrification.


Message History

Okay, then.
Fire: a) +0 shortbow
Press: ? - help, Q - select action Shift-Dir - straight line, f/p - Ijyb
Aim: Ijyb, wielding a +5 club, wearing a +2 leather armour of fire resistance and carrying a wand of flame (17) (moderately wounded, 55% to hit)
You shoot an arrow. The arrow closely misses Ijyb.
The arrow hits the endoplasm!
You kill the endoplasm!
Ijyb zaps a wand.
The puff of flame misses you. Ijyb hits you with a +5 club.
You take 3 damage, and have 13/21 hp.
Fire: a) +0 shortbow
Press: ? - help, Q - select action Shift-Dir - straight line, f/p - Ijyb
Aim: Ijyb, wielding a +5 club, wearing a +2 leather armour of fire resistance and carrying a wand of flame (16) (moderately wounded, 55% to hit)
You shoot an arrow. The arrow closely misses Ijyb.
The arrow hits the orc.
The orc is heavily wounded.
Ijyb hits you with a +5 club!
* * * LOW HITPOINT WARNING * * *
You take 8 damage, and have 5/21 hp.
MASSIVE DAMAGE!!
Fire: a) +0 shortbow
Press: ? - help, Q - select action Shift-Dir - straight line, f/p - Ijyb
Aim: Ijyb, wielding a +5 club, wearing a +2 leather armour of fire resistance and carrying a wand of flame (16) (moderately wounded, 55% to hit)
You shoot an arrow. The arrow hits Ijyb.
Ijyb is heavily wounded.
Ijyb hits you with a +5 club.
* * * LOW HITPOINT WARNING * * *
You take 3 damage, and have 2/21 hp.
You feel better.
Ijyb zaps a wand.
The puff of flame hits you.
* * * LOW HITPOINT WARNING * * *
You regained 3 hp, and now have 5/21 hp.
It was a potion of attraction.
You feel attractive to monsters. Ijyb hits you with a +5 club.
* * * LOW HITPOINT WARNING * * *
You take 3 damage, and have 2/21 hp.
It was a potion of ambrosia.
You are confused.
You feel invigorated. Ijyb hits you but does no damage.
You regained 3 hp, and now have 5/21 hp.
It was a potion of haste.
You feel yourself speed up.
Ijyb zaps a wand.
The puff of flame hits you!
You die...

########.......o.....###
...............#........
...............#.##.#### #
......#........#)....... .
.....#######...#.#....... .#
.....# ...#...#o#....... .#
.....# ...###.#o#.....#+#.##
.....# .....#.#g#....>.....#
.....# .....#+#@#.#........#
.....# .........#......<...#
.....# ....................#
.....####............#......+
.........#####.......#......#
.............#.####....#.#.....
...............#...........#.#.
.............................#
#
..............##...........#.#


You could see Ijyb and 2 orcs.

Vanquished Creatures
  2 adders (D:2)
  A dart slug (D:3)
  An orc (D:3)
  3 ball pythons (D:1)
  3 endoplasms
  4 goblins
  A hobgoblin (D:1)
  2 kobolds
  7 bats
  3 frilled lizards (D:1)
  4 rats
31 creatures vanquished.

Notes
Turn   | Place    | Note
-------+----------+-------------------------------------------
     0 | D:1      | jasper the Gargoyle Hunter began the quest for the Orb.
     0 | D:1      | Reached XP level 1. HP: 12/12 MP: 1/1
   199 | D:1      | Reached XP level 2. HP: 17/17 MP: 2/2
   659 | D:1      | Identified a scroll of acquirement
   659 | D:1      | Acquired a manual of Ranged Weapons
   663 | D:2      | Found a burning altar of Makhleb.
   790 | D:2      | Reached skill level 5 in Ranged Weapons
   790 | D:2      | Reached XP level 3. HP: 21/21 MP: 3/3
  1008 | D:2      | Got Sif Muna's Compilation of Allied Fever
  1039 | D:2      | Found a faded altar of an unknown god.
  1351 | D:3      | Noticed Ijyb
  1374 | D:3      | Killed from afar by Ijyb

Illustrated notes

Levels and vault maps discovered:
D:1:      dpeg_arrival_simpleton_a, layout_loops_ring, dk_noncrumbling_4
D:2:      layout_basic, shapermc_ecumenical_altar_mp_ritualfount, basic_altar,
          grunt_decor_arrowhead
D:3:      layout_basic, nicolae_dithmenos_the_darkroom, kb_xom_exploding_sheep,
          uniq_ijyb, uniq_crazy_yiuf_cottage

Skill      XL: |  1  2 |
---------------+-------+-----
Ranged Weapons | 5 |  5.9
Fighting       | |  2.1
Dodging        | |  1.5
Stealth        | |  1.1

Action                     || total
---------------------------++-------
   Fire: Shortbow          ||    85
    Use: Scroll            ||     3
         Potion            ||     5
 Armour: Leather armour    ||     2
         Ring mail         ||    15
  Dodge: Dodged            ||    18

Table legend: (Time is in decaauts)
 A = Elapsed time spent in this place.
 B = Non-inter-level travel time spent in this place.
 C = Inter-level travel time spent in this place.
 D = Time resting spent in this place.
 E = Time spent auto-exploring this place.
 F = Levels seen in this place.
 G = Mean time per level.
                   A        B        C        D        E       F      G
               +--------+--------+--------+--------+--------+-----+--------+
         Total |   1402 |   1379 |     23 |      0 |   1136 |   3 |  467.3 |
       Dungeon |   1402 |   1379 |     23 |      0 |   1136 |   3 |  467.3 |
               +--------+--------+--------+--------+--------+-----+--------+

Top non-repeatable levels by time:
     D:1: 676 daAuts
     D:2: 625 daAuts
     D:3: 99 daAuts
